AoeStats
← Evan Mason

Black Forest

508157033Analyzed
4v4 RM · 13d ago on Sep 21, 2026· 58m 11s· 8 players
Game mode
Random Map
Map size
Large (8 player)
Population
200
Speed
Normal
Resources
Standard
Victory
Conquest
Starting age
Dark Age
Ending age
Imperial Age
RankedLock teamsTeams togetherTeam positionsShared explorationLock speedFull tech treeHidden civsTurbo modeCheats
Victory
Defeat
🇺🇸 Teutons · United States
718
+11
🇩🇪 Khmer · Germany
675
+13
🇪🇨 Turks · Ecuador
591
+16
🇨🇦 Gurjaras · Canada
547
+18
🇻🇳 Vietnamese · Vietnam
651
-17
🇨🇳 Bohemians · China
598
-14
🇵🇪 Spanish · Peru
582
-14
🇨🇳 Koreans · China
573
-13
jairfrancomf3092
10:56 Feudal Age
21:24 Castle Age
20:20 Horse Collar
20:34 Stone Mining
20:34 Gold Mining
22:39 Heavy Plow
26:41 Gold Shaft Mining
26:41 Stone Shaft Mining
30:34 Forging
30:29 Scale Mail Armor
30:47 Padded Archer Armor
34:14 Imperial Age
34:16 Elite Elephant Archer
34:56 Elite Chakram Thrower
37:52 Conscription
38:34 Iron Casting
39:18 Chain Mail Armor
Mytsogun
0:44 Loom
14:12 Feudal Age
15:15 Double-Bit Axe
15:16 Horse Collar
19:03 Wheelbarrow
18:59 Stone Mining
19:08 Gold Mining
26:20 Castle Age
27:17 Bow Saw
27:39 Hand Cart
29:21 Heavy Plow
29:49 Thumb Ring
31:32 Caravan
32:42 Gold Shaft Mining
37:22 Imperial Age
35:15 Town Watch
39:52 Two-Man Saw
39:44 Elite Janissary
40:46 Conscription
40:27 Artillery
40:56 Town Patrol
41:45 Fletching
41:55 Padded Archer Armor
44:43 Bodkin Arrow
45:03 Leather Archer Armor
48:29 Bracer
48:59 Ring Archer Armor
olaf.kreegs
16:21 Feudal Age
17:52 Double-Bit Axe
19:04 Horse Collar
22:05 Forging
21:55 Scale Mail Armor
22:02 Scale Barding Armor
25:16 Bloodlines
29:03 Castle Age
28:22 Fletching
28:32 Padded Archer Armor
33:10 Bow Saw
33:56 Caravan
34:36 Chain Barding Armor
34:52 Iron Casting
37:03 Wheelbarrow
38:09 Man-at-Arms
40:41 Gold Mining
40:44 Stone Mining
43:30 Imperial Age
44:22 Elite Teutonic Knight
47:05 Heavy Scorpion
47:54 Cavalier
50:18 Crenellations
51:24 Plate Barding Armor
57:38 Ballistics
58:19 Chemistry
57:26 Siege Engineers
julian_venom
14:43 Feudal Age
14:19 Loom
15:15 Horse Collar
15:27 Double-Bit Axe
20:57 Wheelbarrow
20:20 Stone Mining
20:21 Gold Mining
23:50 Town Watch
28:05 Castle Age
29:37 Hand Cart
30:05 Caravan
30:55 Gold Shaft Mining
30:34 Heavy Plow
31:18 Bow Saw
32:15 Stone Shaft Mining
32:19 Husbandry
32:31 Bloodlines
33:51 Town Patrol
37:00 Imperial Age
39:09 Crop Rotation
39:43 Elite Battle Elephant
42:09 Conscription
45:23 Scale Barding Armor
45:42 Siege Engineers
45:54 Masonry
46:07 Ballistics
46:47 Chain Barding Armor
46:25 Murder Holes
46:58 Fortified Wall
48:56 Plate Barding Armor
48:54 Architecture
48:34 Double Crossbow
48:37 Tusk Swords
48:58 Heavy Scorpion
50:46 Hoardings
El Fiel
31:26 Feudal Age
31:53 Horse Collar
32:02 Double-Bit Axe
37:30 Castle Age
38:36 Bow Saw
40:19 Heavy Plow
47:59 Gold Mining
48:00 Stone Mining
50:55 Imperial Age
49:50 Coinage
49:20 Caravan
51:48 Guilds
52:09 Banking
52:17 Wheelbarrow
53:00 Two-Man Saw
52:39 Stone Shaft Mining
53:55 Hand Cart
临喻
5:56 Loom
12:03 Feudal Age
13:27 Wheelbarrow
14:11 Double-Bit Axe
20:22 Town Watch
23:41 Castle Age
22:26 Fletching
22:48 Forging
22:38 Scale Mail Armor
25:23 Horse Collar
26:20 Pikeman
27:08 Heavy Plow
27:22 Bow Saw
28:20 Gold Mining
28:30 Stone Mining
29:34 Thumb Ring
29:27 Bodkin Arrow
31:33 Hand Cart
32:21 Gold Shaft Mining
32:22 Stone Shaft Mining
40:28 Imperial Age
38:58 Chain Mail Armor
39:19 Iron Casting
38:53 Scale Barding Armor
41:02 Ballistics
40:53 Fortified Wall
40:25 Treadmill Crane
40:55 Masonry
40:56 Squires
40:42 Arson
41:09 Town Patrol
42:33 Bracer
43:04 Plate Mail Armor
44:10 Two-Man Saw
44:26 Heavy Cavalry Archer
44:57 Elite War Wagon
45:58 Conscription
45:40 Eupseong
46:47 Chemistry
45:49 Crossbowman
45:52 Elite Skirmisher
49:18 Arbalester
49:19 Imperial Skirmisher
51:17 Architecture
50:53 Siege Engineers
50:43 Murder Holes
50:34 Arrowslits
55:05 Heavy Rocket Cart
56:20 Halberdier
vanvuongnguyen614
0:33 Loom
12:37 Feudal Age
18:16 Castle Age
17:05 Horse Collar
17:24 Double-Bit Axe
20:06 Bow Saw
19:59 Heavy Plow
27:51 Wheelbarrow
28:28 Hand Cart
29:23 Stone Mining
31:01 Stone Shaft Mining
30:17 Gold Mining
32:06 Ballistics
31:55 Fletching
34:56 Imperial Age
32:44 Thumb Ring
32:36 Bodkin Arrow
32:44 Padded Archer Armor
32:59 Forging
32:50 Scale Mail Armor
34:22 Squires
33:42 Pikeman
35:47 Iron Casting
36:39 Chemistry
36:51 Paper Money
36:42 Bracer
36:58 Chain Mail Armor
37:06 Halberdier
41:00 Plate Mail Armor
45:59 Two-Man Saw
47:07 Elite Rattan Archer
50:45 Leather Archer Armor
Evan Mason
8:16 Loom
11:55 Feudal Age
12:47 Horse Collar
Connection lost

Rejoining the realm…

Still unreachable

The connection could not be restored.

Session expired

The server has moved on; the page needs a fresh start.